Ducks vs Penguins

Created - March 5, 2025 at 19:28

Goals
1 2 3 T
Ducks 1 0 0 1
Penguins 1 0 1 2
Shots
1 2 3 T
Ducks 16 9 11 36
Penguins 12 4 9 25

1st period

1. Penguins , John Tavares 27 (Mark Scheifele 31, Brandon Tanev 10) at 1:38
2. Ducks , Carter Verhaeghe 12 (Jake Virtanen 19, Chris Bigras 8) at 19:31

Penalties :
Brian Lee (Ana) for Cross-checking (Minor) at 4:49, Mark Scheifele (Pit) for Interference (Minor) at 19:58

2nd period

No Goal

Penalties :
Nick Leddy (Pit) for High sticking (Minor) at 5:04, Mike Richards (Ana) for Hooking (Minor) at 15:12

3rd period

3. Penguins , Tom Wilson 11 (Sebastian Aho 24, Kirill Kaprizov 15) at 14:38

Penalties :
Sebastian Aho (Pit) for Tripping (Minor) at 5:40

Goalie Stats

Michal Neuvirth (Ana), 23 saves from 25 shots - (0.920), L, 17-15-4, 59:22 minutes
Jeremy Swayman (Pit), 35 saves from 36 shots - (0.972), W, 18-7-5, 60:00 minutes

Players Stats for Ducks

Player Name              G  A  P  +/- PIM S  H  SB GA TA FO     MP     PP MP  PK MP  
------------------------------------------------------------------------------------
Brian Lee                0  0  0   0  2   0  1  1  0  0  0/0    15:06   0:00   1:15 
Carter Verhaeghe         1  0  1  -1  0   3  1  1  2  0  1/2    17:59   3:37   0:00 
Chris Bigras             0  1  1   0  0   2  1  0  1  0  0/0    14:33   0:00   1:22 
Cody Eakin               0  0  0   0  0   1  1  1  2  0  9/19   18:14   3:37   1:21 
Erik Karlsson            0  0  0   0  0   1  0  0  1  1  0/0    20:54   2:09   2:36 
Frederick Gaudreau       0  0  0  -1  0   1  1  1  0  1  5/16   17:28   2:20   0:43 
Jake Virtanen            0  1  1  -1  0   3  2  0  0  0  1/2    17:53   2:20   0:00 
Jakob Chychrun           0  0  0  -1  0   1  2  1  0  0  0/0    20:46   2:09   0:00 
Jeff Carter              0  0  0   0  0   3  3  0  1  0  8/11   13:15   0:00   0:38 
Jesse Puljujarvi         0  0  0   0  0   1  1  0  0  0  0/0    15:41   3:37   0:00 
Kevin Shattenkirk        0  0  0  -1  0   5  3  1  0  0  0/0    25:59   3:48   1:22 
Kris Versteeg            0  0  0   0  0   2  1  0  1  0  1/1    13:24   0:00   0:43 
Mike Richards            0  0  0   0  2   2  2  2  0  0  4/6    11:02   0:00   1:16 
Noah Hanifin             0  0  0   0  0   4  2  1  1  0  0/0    22:45   3:48   1:21 
Robby Fabbri             0  0  0   0  0   3  3  0  0  0  0/0    16:13   2:20   0:38 
Tomas Nosek              0  0  0   0  0   2  0  1  0  1  0/1    15:14   0:00   2:37 
Tye McGinn               0  0  0   0  0   2  0  0  1  0  0/0     9:47   0:00   0:00 
Tyler Pitlick            0  0  0   0  0   0  1  0  1  0  0/0     9:47   0:00   0:00 

Players Stats for Penguins

Player Name              G  A  P  +/- PIM S  H  SB GA TA FO     MP     PP MP  PK MP  
------------------------------------------------------------------------------------
Adam Fox                 0  0  0   0  0   1  2  2  0  0  0/0    25:11   2:38   3:00 
Brandon Tanev            0  1  1   0  0   0  2  0  0  0  0/2    10:22   0:00   2:40 
Gavin Bayreuther         0  0  0   0  0   0  1  1  0  0  0/0    13:18   0:00   0:00 
Iven Barbashev           0  0  0   0  0   1  0  1  0  0  0/0     8:43   0:00   1:12 
John Tavares             1  0  1   0  0   1  2  0  0  0  14/25  23:05   2:05   2:05 
Keith Aulie              0  0  0   1  0   2  0  3  0  6  0/0    21:31   1:20   2:57 
Kirill Kaprizov          0  1  1   1  0   2  0  0  0  0  1/2    15:17   1:53   0:00 
Marcus Foligno           0  0  0   0  0   2  0  0  0  0  3/3    15:23   0:00   3:39 
Mark Scheifele           0  1  1   0  2   5  1  0  1  1  2/3    22:24   2:05   2:18 
Mathew Barzal            0  0  0   0  0   2  0  0  0  0  0/0    10:33   0:00   0:00 
Max Reinhart             0  0  0   0  0   0  0  0  0  0  1/3     7:13   0:00   0:00 
Nick Blankenburg         0  0  0   0  0   0  0  0  0  0  0/0    13:22   0:00   0:24 
Nick Leddy               0  0  0   1  2   0  2  0  0  0  0/0    20:22   1:20   1:51 
Oscar Klefbom            0  0  0   0  0   3  0  0  0  1  0/0    26:44   2:38   3:42 
Pavel Zacha              0  0  0   0  0   0  1  0  1  1  1/3    18:26   2:05   0:00 
Sam Gagner               0  0  0   0  0   1  1  2  0  1  0/2    10:46   0:00   0:00 
Sebastian Aho            0  1  1   1  2   3  1  1  1  0  6/14   16:03   1:53   0:00 
Tom Wilson               1  0  1   1  0   2  1  0  0  1  1/1    15:17   1:53   0:00 

3 Stars

1 - Jeremy Swayman (Pit)
2 - Tom Wilson (Pit)
3 - John Tavares (Pit)

Power Play

Ducks - 0 on 3 Attempt(s) - 0.00%
Penguins - 0 on 2 Attempt(s) - 0.00%

Penalty Kill

Ducks - 2 on 2 Attempt(s) - 100.00% - Score 0 goal in Penalty Kill
Penguins - 3 on 3 Attempt(s) - 100.00% - Score 0 goal in Penalty Kill

Team Stat

Ducks - Hits : 25 - Faceoff Wins : 29 - Blocked Shots : 10 - Penalty Minutes : 4
Penguins - Hits : 14 - Faceoff Wins : 29 - Blocked Shots : 10 - Penalty Minutes : 6

Official

Referees : Steve Kozari and Brian Pochmara
Linesman : Bevan Mills and Steve Barton

Game Notes

No Game Note

Finance

Level 1 -- Attendance: 6000 (100.00%) -- Ticket Income $600,000
Level 2 -- Attendance: 4683 (93.66%) -- Ticket Income $327,810
Level 3 -- Attendance: 1948 (97.40%) -- Ticket Income $77,920
Level 4 -- Attendance: 4000 (100.00%) -- Ticket Income $120,000
Luxury Box -- Attendance: 993 (99.30%) -- Ticket Income $198,600
Game was played at the PPG Paint Arena.
Total Attendance: 17624 (97.91%)
Total Ticket Income: $1,324,330
Other Income: $198,650
Total Income: $1,522,980

Ducks

5 vs 5 Forward 
   Center                   Left Wing                Right Wing               Time % Phy DF OF 
 1 Frederick Gaudreau       Carter Verhaeghe         Jake Virtanen            30     0   1  4  
 2 Cody Eakin               Robby Fabbri             Jesse Puljujarvi         25     0   1  4  
 3 Jeff Carter              Tomas Nosek              Kris Versteeg            25     1   1  3  
 4 Mike Richards            Tye McGinn               Tyler Pitlick            20     2   2  1  

5 vs 5 Defense 
   Defense                  Defense                                           Time % Phy DF OF 
 1 Kevin Shattenkirk        Jakob Chychrun                                    40     0   2  3  
 2 Noah Hanifin             Erik Karlsson                                     30     1   1  3  
 3 Chris Bigras             Brian Lee                                         20     3   1  1  
 4 Kevin Shattenkirk        Noah Hanifin                                      10     4   1  0  

PowerPlay Forward 
   Center                   Left Wing                Right Wing               Time % Phy DF OF 
 1 Cody Eakin               Carter Verhaeghe         Jesse Puljujarvi         60     0   1  4  
 2 Frederick Gaudreau       Robby Fabbri             Jake Virtanen            40     0   1  4  

PowerPlay Defense
   Defense                  Defense                                           Time % Phy DF OF 
 1 Kevin Shattenkirk        Noah Hanifin                                      60     0   1  4  
 2 Erik Karlsson            Jakob Chychrun                                    40     0   1  4  

Penalty Kill 4 Players Forward 
   Center                   Wing                     Time % Phy DF OF 
 1 Mike Richards            Tomas Nosek              60     1   2  2  
 2 Frederick Gaudreau       Kris Versteeg            40     1   2  2  

Penalty Kill 4 Players Defense
   Defense                  Defense                  Time % Phy DF OF 
 1 Erik Karlsson            Brian Lee                60     1   2  2  
 2 Kevin Shattenkirk        Chris Bigras             40     1   2  2  

Penalty Kill - 3 Players Forward 
   Forward                                           Time % Phy DF OF 
 1 Cody Eakin                                        60     0   3  2  
 2 Mike Richards                                     40     0   3  2  

Penalty Kill - 3 Players Defense
   Defense                  Defense                  Time % Phy DF OF 
 1 Erik Karlsson            Jakob Chychrun           60     0   3  2  
 2 Brian Lee                Chris Bigras             40     0   3  2  

4 vs 4 Forward 
   Center                   Wing                     Time % Phy DF OF 
 1 Jeff Carter              Carter Verhaeghe         60     0   2  3  
 2 Mike Richards            Jake Virtanen            40     0   2  3  

4 vs 4 Defense
   Defense                  Defense                  Time % Phy DF OF 
 1 Kevin Shattenkirk        Jakob Chychrun           60     0   2  3  
 2 Brian Lee                Noah Hanifin             40     0   2  3  

Last Minutes Offensive
   Center                   Left Wing                Right Wing               Defense                  Defense                  
   Cody Eakin               Robby Fabbri             Jake Virtanen            Kevin Shattenkirk        Noah Hanifin             

Last Minutes Defensive
   Center                   Left Wing                Right Wing               Defense                  Defense                  
   Cody Eakin               Carter Verhaeghe         Kris Versteeg            Erik Karlsson            Noah Hanifin             

Goaltenders
Starting : Michal Neuvirth          
Backup : Marek Mazanek            

Extra Forwards
Normal : Cody Eakin, Carter Verhaeghe, Jesse Puljujarvi - PP : Cody Eakin, Carter Verhaeghe - PK : Cody Eakin
Extra Defensemen
Normal : Kevin Shattenkirk, Noah Hanifin, Jakob Chychrun - PP : Noah Hanifin - PK : Noah Hanifin, Chris Bigras
Penalty Shots
Robby Fabbri, Carter Verhaeghe, Jesse Puljujarvi, Jake Virtanen, Cody Eakin
Custom OT Lines Forwards
Robby Fabbri, Jake Virtanen, Cody Eakin, Jesse Puljujarvi, Tomas Nosek, Carter Verhaeghe, Frederick Gaudreau, Kris Versteeg, Tye McGinn, Mike Richards
Custom OT Lines Defensemen
Kevin Shattenkirk, Noah Hanifin, Jakob Chychrun, Erik Karlsson, Brian Lee

Scratches
Alex Killorn (Healthy), Nikita Tryamkin (Healthy), Travis Zajac (Healthy)

Penguins

5 vs 5 Forward 
   Center                   Left Wing                Right Wing               Time % Phy DF OF 
 1 John Tavares             Pavel Zacha              Mark Scheifele           40     1   2  2  
 2 Sebastian Aho            Kirill Kaprizov          Tom Wilson               30     1   2  2  
 3 Sam Gagner               Marcus Foligno           Mathew Barzal            20     1   2  2  
 4 Max Reinhart             Iven Barbashev           Brandon Tanev            10     1   2  2  

5 vs 5 Defense 
   Defense                  Defense                                           Time % Phy DF OF 
 1 Oscar Klefbom            Adam Fox                                          45     1   2  2  
 2 Keith Aulie              Nick Leddy                                        35     1   2  2  
 3 Gavin Bayreuther         Nick Blankenburg                                  20     1   2  2  
 4 Oscar Klefbom            Keith Aulie                                       0      1   2  2  

PowerPlay Forward 
   Center                   Left Wing                Right Wing               Time % Phy DF OF 
 1 John Tavares             Pavel Zacha              Mark Scheifele           60     0   2  3  
 2 Sebastian Aho            Kirill Kaprizov          Tom Wilson               40     0   2  3  

PowerPlay Defense
   Defense                  Defense                                           Time % Phy DF OF 
 1 Oscar Klefbom            Adam Fox                                          60     0   2  3  
 2 Keith Aulie              Nick Leddy                                        40     0   2  3  

Penalty Kill 4 Players Forward 
   Center                   Wing                     Time % Phy DF OF 
 1 Mark Scheifele           Marcus Foligno           60     1   3  1  
 2 John Tavares             Brandon Tanev            40     1   3  1  

Penalty Kill 4 Players Defense
   Defense                  Defense                  Time % Phy DF OF 
 1 Oscar Klefbom            Keith Aulie              60     1   3  1  
 2 Adam Fox                 Nick Leddy               40     1   3  1  

Penalty Kill - 3 Players Forward 
   Forward                                           Time % Phy DF OF 
 1 Mark Scheifele                                    60     1   3  1  
 2 John Tavares                                      40     1   3  1  

Penalty Kill - 3 Players Defense
   Defense                  Defense                  Time % Phy DF OF 
 1 Oscar Klefbom            Keith Aulie              60     1   3  1  
 2 Adam Fox                 Nick Leddy               40     1   3  1  

4 vs 4 Forward 
   Center                   Wing                     Time % Phy DF OF 
 1 John Tavares             Mark Scheifele           60     1   2  2  
 2 Sebastian Aho            Kirill Kaprizov          40     1   2  2  

4 vs 4 Defense
   Defense                  Defense                  Time % Phy DF OF 
 1 Oscar Klefbom            Adam Fox                 60     1   2  2  
 2 Keith Aulie              Nick Leddy               40     1   2  2  

Last Minutes Offensive
   Center                   Left Wing                Right Wing               Defense                  Defense                  
   John Tavares             Pavel Zacha              Mark Scheifele           Oscar Klefbom            Adam Fox                 

Last Minutes Defensive
   Center                   Left Wing                Right Wing               Defense                  Defense                  
   John Tavares             Marcus Foligno           Mark Scheifele           Oscar Klefbom            Keith Aulie              

Goaltenders
Starting : Jeremy Swayman           
Backup : Ondrej Pavelec           

Extra Forwards
Normal : John Tavares, Sebastian Aho, Sam Gagner - PP : John Tavares, Sebastian Aho - PK : Brandon Tanev
Extra Defensemen
Normal : Oscar Klefbom, Keith Aulie, Nick Blankenburg - PP : Adam Fox - PK : Oscar Klefbom, Adam Fox
Penalty Shots
John Tavares, Mark Scheifele, Pavel Zacha, Sebastian Aho, Kirill Kaprizov
Custom OT Lines Forwards
John Tavares, Mark Scheifele, Pavel Zacha, Sebastian Aho, Tom Wilson, Kirill Kaprizov, Sam Gagner, Mathew Barzal, Marcus Foligno, Brandon Tanev
Custom OT Lines Defensemen
Oscar Klefbom, Adam Fox, Keith Aulie, Nick Leddy, Gavin Bayreuther

Scratches
Colin Wilson (Healthy)

% Time on Ice - Ducks

Lines # - Real PCT - Wanted PCT - Time Play
Normal Forward
1 - 29% - 30% - 14:22
2 - 25% - 25% - 12:07
3 - 26% - 25% - 12:37
4 - 20% - 20% - 9:47
Normal Defense
1 - 38% - 40% - 18:20
2 - 32% - 30% - 15:32
3 - 27% - 20% - 13:07
4 - 4% - 10% - 1:54
PP Forward
1 - 61% - 60% - 3:37
2 - 39% - 40% - 2:20
PP Defense
1 - 64% - 60% - 3:48
2 - 36% - 40% - 2:09
PK Forward
1 - 82% - 60% - 3:15
2 - 18% - 40% - 0:43
PK Defense
1 - 66% - 60% - 2:36
2 - 34% - 40% - 1:22
PK3 Forward
1 - 0% - 60%
2 - 0% - 40%
PK3 Defense
1 - 0% - 60%
2 - 0% - 40%
44 Forward
1 - 0% - 60%
2 - 0% - 40%
44 Defense
1 - 0% - 60%
2 - 0% - 40%
Last Minute Offensive  - 1:12
Last Minute Defensive  - 0:00
Total
Forward - 60:00
Defense - 60:00

% Time on Ice - Penguins

Lines # - Real PCT - Wanted PCT - Time Play
Normal Forward
1 - 35% - 40% - 17:15
2 - 28% - 30% - 13:53
3 - 22% - 20% - 10:33
4 - 15% - 10% - 7:13
Normal Defense
1 - 42% - 45% - 20:27
2 - 32% - 35% - 15:35
3 - 26% - 20% - 12:30
4 - 1% - 0% - 0:22
PP Forward
1 - 53% - 60% - 2:05
2 - 47% - 40% - 1:53
PP Defense
1 - 66% - 60% - 2:38
2 - 34% - 40% - 1:20
PK Forward
1 - 82% - 60% - 4:51
2 - 18% - 40% - 1:06
PK Defense
1 - 50% - 60% - 2:57
2 - 50% - 40% - 3:00
PK3 Forward
1 - 0% - 60%
2 - 0% - 40%
PK3 Defense
1 - 0% - 60%
2 - 0% - 40%
44 Forward
1 - 0% - 60%
2 - 0% - 40%
44 Defense
1 - 0% - 60%
2 - 0% - 40%
Last Minute Offensive  - 0:00
Last Minute Defensive  - 1:11
Total
Forward - 60:00
Defense - 60:00

Play-by-Play

1st period


0:01 of 1st period - John Tavares wins face-off versus Frederick Gaudreau in neutral zone.
0:10 of 1st period - Backhand shot by John Tavares.
0:10 of 1st period - Shot Blocked by Carter Verhaeghe.
0:12 of 1st period - Slapshot by Oscar Klefbom.
0:12 of 1st period - Stopped by Michal Neuvirth with a rebound.
0:26 of 1st period - Adam Fox is hit by Kevin Shattenkirk and loses puck.
0:55 of 1st period - Mathew Barzal is hit by Noah Hanifin and loses puck.
1:16 of 1st period - Wrist shot by Tye McGinn.
1:16 of 1st period - Stopped by Jeremy Swayman with a rebound.
1:18 of 1st period - Snap shot by Brian Lee.
1:18 of 1st period - Shot Blocked by Adam Fox.
1:38 of 1st period - Snap shot by John Tavares.
1:38 of 1st period - Goal by John Tavares - Ducks : 0 - Penguins : 1.
1:39 of 1st period - Jeff Carter wins face-off versus Sebastian Aho in neutral zone.
1:50 of 1st period - Slapshot by Jakob Chychrun.
1:50 of 1st period - Shot Misses the Net.
1:54 of 1st period - Snap shot by Jeff Carter.
1:54 of 1st period - Stopped by Jeremy Swayman with a rebound.
1:56 of 1st period - Slapshot by Kris Versteeg.
1:56 of 1st period - Shot Blocked by Sebastian Aho.
2:16 of 1st period - Slapshot by Pavel Zacha.
2:16 of 1st period - Shot Misses the Net.
2:18 of 1st period - Slapshot by Nick Leddy.
2:18 of 1st period - Shot Blocked by Jakob Chychrun.
3:55 of 1st period - Mathew Barzal is hit by Chris Bigras.
3:59 of 1st period - Wrist shot by Tyler Pitlick.
3:59 of 1st period - Shot Misses the Net.
4:01 of 1st period - Snap shot by Mike Richards.
4:01 of 1st period - Shot Blocked by Sam Gagner.
4:03 of 1st period - Snap shot by Tyler Pitlick.
4:03 of 1st period - Shot Misses the Net.
4:05 of 1st period - Slapshot by Chris Bigras.
4:05 of 1st period - Stopped by Jeremy Swayman without a rebound.
4:06 of 1st period - Sebastian Aho wins face-off versus Frederick Gaudreau in Penguins zone.
4:42 of 1st period - Brian Lee is hit by John Tavares and loses puck.
4:49 of 1st period - Minor Penalty to Brian Lee for Cross-checking.
4:50 of 1st period - John Tavares wins face-off versus Tomas Nosek in Ducks zone.
4:51 of 1st period - Snap shot by Mark Scheifele.
4:51 of 1st period - Shot Blocked by Noah Hanifin.
4:57 of 1st period - Slapshot by Mike Richards.
4:57 of 1st period - Stopped by Jeremy Swayman without a rebound.
4:58 of 1st period - John Tavares wins face-off versus Mike Richards in Penguins zone.
5:32 of 1st period - Snap shot by John Tavares.
5:32 of 1st period - Deflect By Mark Scheifele.
5:32 of 1st period - Shot Blocked by Mike Richards.
5:32 of 1st period - Puck is out of play.
5:33 of 1st period - Kirill Kaprizov wins face-off versus Frederick Gaudreau in Ducks zone.
5:49 of 1st period - Off-side.
5:50 of 1st period - Frederick Gaudreau wins face-off versus John Tavares in neutral zone.
6:24 of 1st period - Snap shot by Sebastian Aho.
6:24 of 1st period - Stopped by Michal Neuvirth with a rebound.
6:49 of 1st period - Penalty to Brian Lee is over, Brian Lee is back on ice.
6:52 of 1st period - Snap shot by Kirill Kaprizov.
6:52 of 1st period - Deflect By Sebastian Aho.
6:52 of 1st period - Deflect By Kevin Shattenkirk.
6:52 of 1st period - Stopped by Michal Neuvirth without a rebound.
6:53 of 1st period - John Tavares wins face-off versus Cody Eakin in Ducks zone.
7:02 of 1st period - Snap shot by John Tavares.
7:02 of 1st period - Shot Blocked by Cody Eakin.
7:04 of 1st period - Wrist shot by Keith Aulie.
7:04 of 1st period - Stopped by Michal Neuvirth with a rebound.
7:10 of 1st period - Wrist shot by John Tavares.
7:10 of 1st period - Shot Misses the Net.
7:22 of 1st period - Sam Gagner is hit by Frederick Gaudreau and loses puck.
7:31 of 1st period - Slapshot by Jakob Chychrun.
7:31 of 1st period - Stopped by Jeremy Swayman without a rebound.
7:32 of 1st period - Jeff Carter wins face-off versus John Tavares in Penguins zone.
7:33 of 1st period - Wrist shot by Kris Versteeg.
7:33 of 1st period - Shot Misses the Net.
7:35 of 1st period - Slapshot by Noah Hanifin.
7:35 of 1st period - Deflect By John Tavares.
7:35 of 1st period - Stopped by Jeremy Swayman with a rebound.
7:37 of 1st period - Wrist shot by Tomas Nosek.
7:37 of 1st period - Shot Misses the Net.
7:45 of 1st period - Slapshot by Jeff Carter.
7:45 of 1st period - Stopped by Jeremy Swayman without a rebound.
7:46 of 1st period - Carter Verhaeghe wins face-off versus Sebastian Aho in Penguins zone.
8:03 of 1st period - Wrist shot by Frederick Gaudreau.
8:03 of 1st period - Shot Misses the Net.
8:13 of 1st period - Kris Versteeg is hit by Mark Scheifele.
8:25 of 1st period - Wrist shot by Mark Scheifele.
8:25 of 1st period - Stopped by Michal Neuvirth with a rebound.
8:34 of 1st period - Icing by Noah Hanifin.
8:35 of 1st period - Kris Versteeg wins face-off versus Sam Gagner in Ducks zone.
9:06 of 1st period - Snap shot by Frederick Gaudreau.
9:06 of 1st period - Stopped by Jeremy Swayman without a rebound.
9:07 of 1st period - Jake Virtanen wins face-off versus Kirill Kaprizov in Penguins zone.
9:20 of 1st period - Snap shot by Jake Virtanen.
9:20 of 1st period - Shot Misses the Net.
9:24 of 1st period - Wrist shot by Carter Verhaeghe.
9:24 of 1st period - Stopped by Jeremy Swayman with a rebound.
9:57 of 1st period - Off-side.
9:58 of 1st period - Jeff Carter wins face-off versus Mark Scheifele in neutral zone.
10:06 of 1st period - Snap shot by Kris Versteeg.
10:06 of 1st period - Deflect By Tomas Nosek.
10:06 of 1st period - Stopped by Jeremy Swayman without a rebound.
10:07 of 1st period - Jeff Carter wins face-off versus John Tavares in Penguins zone.
10:10 of 1st period - Slapshot by Kevin Shattenkirk.
10:10 of 1st period - Stopped by Jeremy Swayman with a rebound.
10:12 of 1st period - Slapshot by Kevin Shattenkirk.
10:12 of 1st period - Deflect By Kris Versteeg.
10:12 of 1st period - Shot Blocked by Keith Aulie.
10:12 of 1st period - Puck is out of play.
10:13 of 1st period - John Tavares wins face-off versus Mike Richards in Penguins zone.
10:40 of 1st period - Sebastian Aho is hit by Kris Versteeg and loses puck.
11:07 of 1st period - Adam Fox is hit by Jesse Puljujarvi and loses puck.
11:36 of 1st period - Slapshot by Jake Virtanen.
11:36 of 1st period - Stopped by Jeremy Swayman with a rebound.
11:38 of 1st period - Slapshot by Jakob Chychrun.
11:38 of 1st period - Shot Blocked by Iven Barbashev.
11:55 of 1st period - Adam Fox is hit by Tyler Pitlick and loses puck.
12:55 of 1st period - Off-side.
12:56 of 1st period - Max Reinhart wins face-off versus Frederick Gaudreau in neutral zone.
14:11 of 1st period - Backhand shot by Tomas Nosek.
14:11 of 1st period - Shot Misses the Net.
14:53 of 1st period - Snap shot by Mark Scheifele.
14:53 of 1st period - Stopped by Michal Neuvirth without a rebound.
14:54 of 1st period - John Tavares wins face-off versus Cody Eakin in Ducks zone.
14:57 of 1st period - Slapshot by Mark Scheifele.
14:57 of 1st period - Stopped by Michal Neuvirth without a rebound.
14:58 of 1st period - Cody Eakin wins face-off versus John Tavares in Ducks zone.
15:27 of 1st period - Tom Wilson is hit by Kevin Shattenkirk and loses puck.
15:52 of 1st period - Slapshot by Oscar Klefbom.
15:52 of 1st period - Shot Hit the Post.
15:56 of 1st period - Slapshot by Sam Gagner.
15:56 of 1st period - Stopped by Michal Neuvirth without a rebound.
15:57 of 1st period - Mike Richards wins face-off versus John Tavares in Ducks zone.
16:36 of 1st period - Wrist shot by Jeff Carter.
16:36 of 1st period - Stopped by Jeremy Swayman with a rebound.
16:48 of 1st period - Wrist shot by Noah Hanifin.
16:48 of 1st period - Deflect By Carter Verhaeghe.
16:48 of 1st period - Stopped by Jeremy Swayman with a rebound.
17:20 of 1st period - Slapshot by John Tavares.
17:20 of 1st period - Shot Misses the Net.
17:30 of 1st period - Brandon Tanev is hit by Mike Richards and loses puck.
17:48 of 1st period - Off-side.
17:49 of 1st period - Jeff Carter wins face-off versus Sebastian Aho in neutral zone.
18:38 of 1st period - Slapshot by Marcus Foligno.
18:38 of 1st period - Stopped by Michal Neuvirth with a rebound.
18:46 of 1st period - Snap shot by Mathew Barzal.
18:46 of 1st period - Stopped by Michal Neuvirth with a rebound.
18:48 of 1st period - Snap shot by Marcus Foligno.
18:48 of 1st period - Stopped by Michal Neuvirth without a rebound.
18:49 of 1st period - John Tavares wins face-off versus Frederick Gaudreau in Ducks zone.
18:57 of 1st period - Icing by Carter Verhaeghe.
18:58 of 1st period - Frederick Gaudreau wins face-off versus John Tavares in Ducks zone.
19:19 of 1st period - Wrist shot by Jake Virtanen.
19:19 of 1st period - Stopped by Jeremy Swayman with a rebound.
19:29 of 1st period - Slapshot by Carter Verhaeghe.
19:29 of 1st period - Shot Misses the Net.
19:31 of 1st period - Slapshot by Carter Verhaeghe.
19:31 of 1st period - Goal by Carter Verhaeghe - Ducks : 1 - Penguins : 1.
19:32 of 1st period - Cody Eakin wins face-off versus Sebastian Aho in neutral zone.
19:58 of 1st period - Minor Penalty to Mark Scheifele for Interference.
19:59 of 1st period - Marcus Foligno wins face-off versus Cody Eakin in Penguins zone.
Goals for this period are 1 for Ducks vs 1 for Penguins.
Shots for this period are 16 for Ducks vs 12 for Penguins.

2nd period


0:01 of 2nd period - Cody Eakin wins face-off versus Brandon Tanev in neutral zone.
0:04 of 2nd period - Slapshot by Kevin Shattenkirk.
0:04 of 2nd period - Deflect By Cody Eakin.
0:04 of 2nd period - Shot Misses the Net.
0:04 of 2nd period - Puck is out of play.
0:05 of 2nd period - Marcus Foligno wins face-off versus Cody Eakin in Penguins zone.
0:18 of 2nd period - Backhand shot by Kevin Shattenkirk.
0:18 of 2nd period - Stopped by Jeremy Swayman without a rebound.
0:19 of 2nd period - Cody Eakin wins face-off versus Brandon Tanev in Penguins zone.
0:34 of 2nd period - Wrist shot by Cody Eakin.
0:34 of 2nd period - Stopped by Jeremy Swayman with a rebound.
0:44 of 2nd period - Frederick Gaudreau is hit by John Tavares and loses puck.
0:51 of 2nd period - Slapshot by Erik Karlsson.
0:51 of 2nd period - Stopped by Jeremy Swayman without a rebound.
0:52 of 2nd period - Cody Eakin wins face-off versus John Tavares in Penguins zone.
1:45 of 2nd period - Kevin Shattenkirk is hit by Adam Fox.
1:58 of 2nd period - Penalty to Mark Scheifele is over, Mark Scheifele is back on ice.
2:09 of 2nd period - Mark Scheifele is hit by Mike Richards.
2:36 of 2nd period - Chris Bigras is hit by Tom Wilson and loses puck.
2:45 of 2nd period - Oscar Klefbom is hit by Brian Lee and loses puck.
3:04 of 2nd period - Wrist shot by Mathew Barzal.
3:04 of 2nd period - Stopped by Michal Neuvirth with a rebound.
3:22 of 2nd period - Slapshot by Robby Fabbri.
3:22 of 2nd period - Stopped by Jeremy Swayman without a rebound.
3:23 of 2nd period - Frederick Gaudreau wins face-off versus Max Reinhart in Penguins zone.
3:30 of 2nd period - Kevin Shattenkirk is hit by Brandon Tanev and loses puck.
3:49 of 2nd period - Adam Fox is hit by Jakob Chychrun and loses puck.
4:18 of 2nd period - Snap shot by Oscar Klefbom.
4:18 of 2nd period - Deflect By Erik Karlsson.
4:18 of 2nd period - Stopped by Michal Neuvirth without a rebound.
4:19 of 2nd period - Tom Wilson wins face-off versus Jake Virtanen in Ducks zone.
5:04 of 2nd period - Minor Penalty to Nick Leddy for High sticking.
5:05 of 2nd period - Mark Scheifele wins face-off versus Carter Verhaeghe in Penguins zone.
5:05 of 2nd period - Mark Scheifele is hit by Carter Verhaeghe.
6:06 of 2nd period - Mark Scheifele is hit by Robby Fabbri.
6:12 of 2nd period - Snap shot by Robby Fabbri.
6:12 of 2nd period - Stopped by Jeremy Swayman without a rebound.
6:13 of 2nd period - Frederick Gaudreau wins face-off versus John Tavares in Penguins zone.
7:04 of 2nd period - Penalty to Nick Leddy is over, Nick Leddy is back on ice.
7:20 of 2nd period - Snap shot by Kevin Shattenkirk.
7:20 of 2nd period - Stopped by Jeremy Swayman with a rebound.
7:36 of 2nd period - Snap shot by Brandon Tanev.
7:36 of 2nd period - Shot Misses the Net.
9:06 of 2nd period - Slapshot by Oscar Klefbom.
9:06 of 2nd period - Shot Misses the Net.
9:08 of 2nd period - Snap shot by Adam Fox.
9:08 of 2nd period - Shot Blocked by Brian Lee.
9:10 of 2nd period - Slapshot by Oscar Klefbom.
9:10 of 2nd period - Shot Misses the Net.
9:23 of 2nd period - Off-side.
9:24 of 2nd period - Mike Richards wins face-off versus Sebastian Aho in neutral zone.
9:46 of 2nd period - Icing by Kirill Kaprizov.
9:47 of 2nd period - Sebastian Aho wins face-off versus Cody Eakin in Penguins zone.
10:08 of 2nd period - Oscar Klefbom is hit by Cody Eakin and loses puck.
10:35 of 2nd period - Oscar Klefbom is hit by Kevin Shattenkirk and loses puck.
11:22 of 2nd period - Pavel Zacha is hit by Robby Fabbri and loses puck.
11:35 of 2nd period - Slapshot by Keith Aulie.
11:35 of 2nd period - Stopped by Michal Neuvirth without a rebound.
11:36 of 2nd period - Frederick Gaudreau wins face-off versus Sebastian Aho in Ducks zone.
11:41 of 2nd period - Snap shot by Jake Virtanen.
11:41 of 2nd period - Stopped by Jeremy Swayman without a rebound.
11:42 of 2nd period - Sebastian Aho wins face-off versus Frederick Gaudreau in Penguins zone.
12:27 of 2nd period - Icing by Iven Barbashev.
12:28 of 2nd period - Mike Richards wins face-off versus Max Reinhart in Penguins zone.
13:27 of 2nd period - Snap shot by Tyler Pitlick.
13:27 of 2nd period - Deflect By Mike Richards.
13:27 of 2nd period - Shot Blocked by Keith Aulie.
13:27 of 2nd period - Puck is out of play.
13:28 of 2nd period - Mike Richards wins face-off versus Sam Gagner in Penguins zone.
14:02 of 2nd period - Slapshot by Brian Lee.
14:02 of 2nd period - Shot Misses the Net.
14:04 of 2nd period - Wrist shot by Chris Bigras.
14:04 of 2nd period - Stopped by Jeremy Swayman without a rebound.
14:05 of 2nd period - Jeff Carter wins face-off versus Pavel Zacha in Penguins zone.
15:04 of 2nd period - Snap shot by Marcus Foligno.
15:04 of 2nd period - Shot Blocked by Mike Richards.
15:06 of 2nd period - Slapshot by Marcus Foligno.
15:06 of 2nd period - Shot Blocked by Kevin Shattenkirk.
15:12 of 2nd period - Minor Penalty to Mike Richards for Hooking.
15:13 of 2nd period - Cody Eakin wins face-off versus John Tavares in Ducks zone.
15:22 of 2nd period - Erik Karlsson is hit by Pavel Zacha and loses puck.
15:52 of 2nd period - Off-side.
15:53 of 2nd period - Jeff Carter wins face-off versus Sebastian Aho in neutral zone.
16:06 of 2nd period - Slapshot by Oscar Klefbom.
16:06 of 2nd period - Stopped by Michal Neuvirth without a rebound.
16:07 of 2nd period - Cody Eakin wins face-off versus John Tavares in Ducks zone.
17:12 of 2nd period - Penalty to Mike Richards is over, Mike Richards is back on ice.
17:23 of 2nd period - Slapshot by Sam Gagner.
17:23 of 2nd period - Shot Misses the Net.
17:50 of 2nd period - Snap shot by Mike Richards.
17:50 of 2nd period - Shot Blocked by Gavin Bayreuther.
17:52 of 2nd period - Wrist shot by Tye McGinn.
17:52 of 2nd period - Stopped by Jeremy Swayman without a rebound.
17:53 of 2nd period - John Tavares wins face-off versus Jeff Carter in Penguins zone.
17:53 of 2nd period - John Tavares is hit by Jeff Carter.
18:31 of 2nd period - Frederick Gaudreau is hit by Adam Fox and loses puck.
19:15 of 2nd period - Mike Richards is hit by Brandon Tanev and loses puck.
Goals for this period are 0 for Ducks vs 0 for Penguins.
Shots for this period are 9 for Ducks vs 4 for Penguins.

3rd period


0:01 of 3rd period - John Tavares wins face-off versus Frederick Gaudreau in neutral zone.
0:37 of 3rd period - Backhand shot by Noah Hanifin.
0:37 of 3rd period - Stopped by Jeremy Swayman without a rebound.
0:38 of 3rd period - Sebastian Aho wins face-off versus Frederick Gaudreau in Penguins zone.
0:48 of 3rd period - Icing by Jake Virtanen.
0:49 of 3rd period - Sebastian Aho wins face-off versus Frederick Gaudreau in Ducks zone.
2:43 of 3rd period - Max Reinhart is hit by Jeff Carter and loses puck.
2:50 of 3rd period - Slapshot by Gavin Bayreuther.
2:50 of 3rd period - Deflect By Iven Barbashev.
2:50 of 3rd period - Shot Blocked by Tomas Nosek.
2:50 of 3rd period - Puck is out of play.
2:51 of 3rd period - John Tavares wins face-off versus Cody Eakin in Ducks zone.
3:18 of 3rd period - Gavin Bayreuther is hit by Jake Virtanen and loses puck.
4:07 of 3rd period - Snap shot by Tyler Pitlick.
4:07 of 3rd period - Deflect By Mike Richards.
4:07 of 3rd period - Stopped by Jeremy Swayman without a rebound.
4:08 of 3rd period - John Tavares wins face-off versus Frederick Gaudreau in Penguins zone.
4:44 of 3rd period - Backhand shot by Sebastian Aho.
4:44 of 3rd period - Deflect By Kirill Kaprizov.
4:44 of 3rd period - Stopped by Michal Neuvirth with a rebound.
4:46 of 3rd period - Slapshot by Adam Fox.
4:46 of 3rd period - Deflect By Robby Fabbri.
4:46 of 3rd period - Stopped by Michal Neuvirth without a rebound.
4:47 of 3rd period - Jeff Carter wins face-off versus Pavel Zacha in Ducks zone.
5:00 of 3rd period - Snap shot by Mark Scheifele.
5:00 of 3rd period - Deflect By Jeff Carter.
5:00 of 3rd period - Stopped by Michal Neuvirth with a rebound.
5:18 of 3rd period - Carter Verhaeghe is hit by Gavin Bayreuther and loses puck.
5:23 of 3rd period - Snap shot by Sebastian Aho.
5:23 of 3rd period - Stopped by Michal Neuvirth with a rebound.
5:25 of 3rd period - Wrist shot by Gavin Bayreuther.
5:25 of 3rd period - Shot Misses the Net.
5:27 of 3rd period - Wrist shot by Kirill Kaprizov.
5:27 of 3rd period - Stopped by Michal Neuvirth without a rebound.
5:28 of 3rd period - Sebastian Aho wins face-off versus Cody Eakin in Ducks zone.
5:31 of 3rd period - Wrist shot by Tom Wilson.
5:31 of 3rd period - Stopped by Michal Neuvirth with a rebound.
5:40 of 3rd period - Minor Penalty to Sebastian Aho for Tripping.
5:41 of 3rd period - Mark Scheifele wins face-off versus Cody Eakin in Penguins zone.
7:40 of 3rd period - Penalty to Sebastian Aho is over, Sebastian Aho is back on ice.
7:51 of 3rd period - Slapshot by Jakob Chychrun.
7:51 of 3rd period - Shot Misses the Net.
8:09 of 3rd period - Mike Richards is hit by Sebastian Aho and loses puck.
8:26 of 3rd period - Sam Gagner is hit by Jeff Carter and loses puck.
9:11 of 3rd period - Tomas Nosek is hit by Nick Leddy and loses puck.
9:26 of 3rd period - Tom Wilson is hit by Jakob Chychrun and loses puck.
10:53 of 3rd period - Marcus Foligno is hit by Noah Hanifin and loses puck.
11:18 of 3rd period - Snap shot by Iven Barbashev.
11:18 of 3rd period - Stopped by Michal Neuvirth with a rebound.
11:39 of 3rd period - Slapshot by Noah Hanifin.
11:39 of 3rd period - Stopped by Jeremy Swayman without a rebound.
11:40 of 3rd period - Cody Eakin wins face-off versus Sebastian Aho in Penguins zone.
13:12 of 3rd period - Kirill Kaprizov is hit by Robby Fabbri and loses puck.
13:33 of 3rd period - Slapshot by Marcus Foligno.
13:33 of 3rd period - Shot Blocked by Frederick Gaudreau.
13:37 of 3rd period - Snap shot by Marcus Foligno.
13:37 of 3rd period - Shot Misses the Net.
13:55 of 3rd period - Wrist shot by Tomas Nosek.
13:55 of 3rd period - Stopped by Jeremy Swayman with a rebound.
13:57 of 3rd period - Slapshot by Kris Versteeg.
13:57 of 3rd period - Stopped by Jeremy Swayman without a rebound.
13:58 of 3rd period - Pavel Zacha wins face-off versus Cody Eakin in Penguins zone.
14:03 of 3rd period - Cody Eakin is hit by Nick Leddy and loses puck.
14:38 of 3rd period - Snap shot by Tom Wilson.
14:38 of 3rd period - Goal by Tom Wilson - Ducks : 1 - Penguins : 2.
14:39 of 3rd period - John Tavares wins face-off versus Frederick Gaudreau in neutral zone.
14:54 of 3rd period - Backhand shot by Jakob Chychrun.
14:54 of 3rd period - Shot Blocked by Adam Fox.
14:56 of 3rd period - Wrist shot by Carter Verhaeghe.
14:56 of 3rd period - Shot Misses the Net.
15:06 of 3rd period - Robby Fabbri is hit by Sam Gagner and loses puck.
16:45 of 3rd period - Snap shot by Jesse Puljujarvi.
16:45 of 3rd period - Stopped by Jeremy Swayman without a rebound.
16:46 of 3rd period - John Tavares wins face-off versus Jeff Carter in Penguins zone.
16:58 of 3rd period - Off-side.
16:59 of 3rd period - Marcus Foligno wins face-off versus Jeff Carter in neutral zone.
17:25 of 3rd period - Adam Fox is hit by Jake Virtanen and loses puck.
17:32 of 3rd period - Wrist shot by Jake Virtanen.
17:32 of 3rd period - Shot Blocked by Sam Gagner.
18:00 of 3rd period - Snap shot by Mark Scheifele.
18:00 of 3rd period - Stopped by Michal Neuvirth with a rebound.
18:02 of 3rd period - Slapshot by Adam Fox.
18:02 of 3rd period - Shot Misses the Net.
18:14 of 3rd period - Wrist shot by Robby Fabbri.
18:14 of 3rd period - Shot Blocked by Keith Aulie.
18:42 of 3rd period - Wrist shot by Kris Versteeg.
18:42 of 3rd period - Stopped by Jeremy Swayman with a rebound.
19:22 of 3rd period - Ducks, Michal Neuvirth is pulled from the net.
19:34 of 3rd period - Wrist shot by Kevin Shattenkirk.
19:34 of 3rd period - Stopped by Jeremy Swayman with a rebound.
19:36 of 3rd period - Snap shot by Robby Fabbri.
19:36 of 3rd period - Stopped by Jeremy Swayman without a rebound.
19:37 of 3rd period - Scott Niedermayer call a timeout for Ducks.
19:37 of 3rd period - Cody Eakin wins face-off versus John Tavares in Penguins zone.
19:42 of 3rd period - Wrist shot by Cody Eakin.
19:42 of 3rd period - Shot Misses the Net.
19:44 of 3rd period - Snap shot by Kevin Shattenkirk.
19:44 of 3rd period - Stopped by Jeremy Swayman with a rebound.
19:46 of 3rd period - Wrist shot by Noah Hanifin.
19:46 of 3rd period - Stopped by Jeremy Swayman with a rebound.
19:48 of 3rd period - Snap shot by Robby Fabbri.
19:48 of 3rd period - Deflect By Cody Eakin.
19:48 of 3rd period - Shot Misses the Net.
19:48 of 3rd period - Puck is out of play.
19:49 of 3rd period - John Tavares wins face-off versus Cody Eakin in Penguins zone.
19:56 of 3rd period - Snap shot by John Tavares.
19:56 of 3rd period - Shot Misses the Net.
Goals for this period are 0 for Ducks vs 1 for Penguins.
Shots for this period are 11 for Ducks vs 9 for Penguins.